cohdb
Replays
Latest Replays
All Replays
Popular Replays
Top Player Replays
Match Explorer
How It Works
Community
CoH3 Stats
Reddit
Sign in to upload your games and track your stats! →
Sign in with Steam
Match 47049349
Unlisted
Match 47049349
Overview
Messages
Build Orders
End
Construct Weapon Support Center
M1919 Machine Gun Team
M1919 Machine Gun Team
Bazooka Squad
Mechanized Support Center
M1919 Machine Gun Team
M3 Armored Personnel Carrier
Selects Armored Battlegroup
Selects Veteran Crews
Selects Fast Deploy
M3 Armored Personnel Carrier
Engineer Squad
.30 cal Machine Gun
Construct Medical Station
Selects M31 Recovery Vehicle
M3 Armored Personnel Carrier
Mortar Pit
Bazooka Squad
Selects War Machine
Construct Tank Depot
M1919 Machine Gun Team
M1919 Machine Gun Team
M4A1 Sherman Medium Tank
Sniper
DeXtrOsE
Chaos Lord
Flammable
JVM
$Zwaridel$
NARKOPIK!!
dragonborn85
Hezbollah Z
0
0
Comments
sign in to comment!
No comments posted yet!